 Dungeon Crawl Stone Soup version 0.19-a0-821-gf489216 (webtiles) character file.

6269 4thArraOfDagon the Martial Artist (level 10, -5/77 HPs)
             Began as a Grey Draconian Earth Elementalist on June 29, 2016.
             Was an Elder of Cheibriados.
             Slain by a one-headed hydra (7 damage)
             ... on level 12 of the Dungeon.
             The game lasted 00:27:32 (4870 turns).

4thArraOfDagon the Martial Artist (DrEE)            Turns: 4870, Time: 00:27:32

Health: -5/77      AC: 15    Str: 19    XL:     10   Next: 62%
Magic:  16/16      EV: 18    Int: 24    God:    Cheibriados [****..]
Gold:   473        SH:  0    Dex: 28    Spells: 4 memorised, 2 levels left

rFire  x . .     SeeInvis +     N - +8 battleaxe of Imminent Death {flame, Str-4 Dex+2 Stlth+}
rCold  . . .     Gourm    .     (armour unavailable)
rNeg   . . .     Faith    .     (shield currently unavailable)
rPois  .         Spirit   .     (helmet restricted)
rElec  .         Dismiss  .     u - +0 cloak
rCorr  .         Reflect  .     y - +0 pair of gloves
SustAt .         Harm     .     B - +0 pair of boots of Wuzy {+Fly rF- Str+2 Stlth+}
MR     +....                    (no amulet)
Stlth  +++++.....               M - ring of protection from magic
                                j - ring of see invisible

@: very slow, somewhat resistant to hostile enchantments, quite stealthy
A: walk through water, unfitting armour, agile 1, deterioration 1, dopey 1,
frail 1, high mp 1, sense surroundings 1, wild magic 1, unbreathing,
cold-blooded, AC +12
a: Bend Time, Temporal Distortion, Slouch, Renounce Religion, Evoke Flight


You were on level 12 of the Dungeon.
You worshipped Cheibriados.
Cheibriados was greatly pleased with you.
You were not hungry.

You visited 1 branch of the dungeon, and saw 12 of its levels.
You also visited: Sewer and Ossuary.

You collected 522 gold pieces.
You spent 49 gold pieces at shops.

Inventory:

Hand Weapons
 K - the +1 battleaxe of the Present {vamp, *Drain rPois rC+}
   (You found it on level 10 of the Dungeon)

   It inflicts no extra harm, but heals its wielder somewhat when it strikes a
   living foe.
   It protects you from cold.
   It protects you from poison.
   It causes draining when unequipped.
 N - the +8 battleaxe of Imminent Death (weapon) {flame, Str-4 Dex+2 Stlth+}
   (You took it off an orc on level 11 of the Dungeon)

   It has been specially enchanted to burn those struck by it, causing extra
   injury to most foes and up to half again as much damage against particularly
   susceptible opponents.
   Big, fiery blades are also staple armaments of hydra-hunters.
   It affects your strength (-4).
   It affects your dexterity (+2).
   It makes you more stealthy.
Missiles
 b - 149 stones (quivered)
Armour
 t - a +0 buckler
 u - a +0 cloak (worn)
 y - a +0 pair of gloves (worn)
 B - the +0 pair of boots of Wuzy (worn) {+Fly rF- Str+2 Stlth+}
   (You found it on level 7 of the Dungeon)

   It affects your strength (+2).
   It makes you vulnerable to fire.
   It lets you fly.
   It makes you more stealthy.
Magical Staves
 k - an uncursed staff of summoning {!a}
Jewellery
 a - an uncursed ring of sustain attributes
 j - a ring of see invisible (left hand)
 M - a ring of protection from magic (right hand)
Wands
 G - a wand of random effects (26/48)
 L - a wand of paralysis (5/24)
 O - a wand of lightning (11/15)
Scrolls
 e - 3 scrolls of immolation
 g - 2 scrolls of remove curse
 h - a scroll of amnesia
 o - a scroll of teleportation
 r - a scroll of random uselessness {unknown}
 s - 3 scrolls of recharging
 v - a scroll of noise {unknown}
 w - a scroll of vulnerability {unknown}
 z - 2 scrolls of enchant weapon {unknown}
 D - a scroll of fog {unknown}
 F - a scroll of magic mapping
 H - a scroll of fear {unknown}
 J - a scroll of enchant armour {unknown}
Potions
 f - a potion of berserk rage {unknown}
 i - 2 potions of curing
 l - 6 potions of flight
 m - 2 potions of heal wounds {unknown}
 n - 2 potions of magic {unknown}
 q - 3 potions of brilliance
 x - 3 potions of might
 A - 3 potions of mutation {unknown}
 C - 2 potions of cancellation {unknown}
 E - 3 potions of degeneration {unknown}
 P - 2 potions of agility {unknown}
Books
 d - a book of Geomancy

   Spells                             Type                      Level
   a - Sandblast                      Earth                        1
   b - Passwall                       Transmutation/Earth          2
   c - Stone Arrow                    Conjuration/Earth            3
   d - Petrify                        Transmutation/Earth          4
   e - Lee's Rapid Deconstruction     Earth                        5
 I - a book of Frost

   Spells                             Type                      Level
   a - Freeze                         Ice                          1
   b - Throw Frost                    Conjuration/Ice              2
   c - Ozocubu's Armour               Charms/Ice                   3
   d - Throw Icicle                   Conjuration/Ice              4
   e - Summon Ice Beast               Ice/Summoning                4
Comestibles
 c - 7 bread rations
 p - 4 meat rations


   Skills:
 - Level 7.2 Fighting
 * Level 4.0 Axes
 - Level 6.1 Dodging
 - Level 1.7 Stealth
 - Level 9.5 Unarmed Combat
 - Level 2.0 Spellcasting
 - Level 1.0 Transmutations
 - Level 6.7 Earth Magic
 - Level 7.0 Invocations


You had 2 spell levels left.
You knew the following spells:

 Your Spells              Type           Power        Failure   Level  Hunger
a - Sandblast             Erth           #####.       1%          1    #......
b - Stone Arrow           Conj/Erth      ###...       17%         3    ###....
c - Passwall              Tmut/Erth      ####......   8%          2    ##.....
d - Lee's Rapid Deconstr  Erth           #####.....   32%         5    ######.


Dungeon Overview and Level Annotations

Branches:
Dungeon (12/15)            Temple (0/1) D:7            Lair (0/6) D:9
    Orc (0/2) D:11

Altars:
Cheibriados
Elyvilon
Gozag
Hepliaklqana
Makhleb
Nemelex Xobeh
Trog
Yredelemnul

Shops:
D:6 *   D:9 *

Annotations:
D:2 Sigmund
D:4 Menkaure
D:10 Fannar


Innate Abilities, Weirdness & Mutations

You can walk through water.
Your dull iron-grey scales are very hard. (AC +12)
Your body does not fit into most forms of armour.
You can survive without breathing.
You are cold-blooded and may be slowed by cold attacks.
You are agile. (Dex +2)
Your body sometimes deteriorates upon taking damage.
You are dopey. (Int -2)
You are frail. (-10% HP)
You have an increased reservoir of magic. (+10% MP)
You passively map a small area around you.
Your spells are a little harder to cast, but a little more powerful.


Message History

Unknown command.
Unknown command.
Unknown command.
You chop one of the three-headed hydra's heads off!
The flame cauterises the wound!
You slice the two-headed hydra!! You burn the two-headed hydra.
The two-headed hydra is severely wounded.
The two-headed hydra bites you!
* * * LOW HITPOINT WARNING * * *
The two-headed hydra bites you but does no damage.
Unknown command.
Unknown command.
Unknown command.
Unknown command.
You hack one of the two-headed hydra's heads off!
The flame cauterises the wound!
You slash the one-headed hydra! You burn the one-headed hydra.
You tail-slap the one-headed hydra.
The one-headed hydra is almost dead.
The one-headed hydra bites you!
You die...

, * #..........# ,
,#..........# ,
,#..........#* ,
#..........+ , ,
#..........#, +
#..........#
#..........# , , *
* * ###+######## *
#<.@D.# #####.# ,
, , #.# *
#######.##### ,
#...........#*,
....
,..##...........#
....
*#..............#,
, .... ,
####..........D.D.
.... ,
#...........##. ,
....


You could see an one-headed hydra.

Vanquished Creatures
  Erolcha (D:8)
  The ghost of Kaziganthi the Cudgeler, a novice HuWn of Xom (D:6)
  Maurice (D:8)
  Joseph (D:8)
  A two-headed ogre (D:8)
  A slime creature (D:11)
  A steam dragon (D:9)
  A hippogriff (D:9)
  A hungry ghost (D:8)
  A warg (D:11)
  2 water moccasins
  4 sky beasts
  5 orc warriors
  2 phantoms
  An ogre (D:9)
  2 centaurs
  2 big kobolds
  8 giant frogs
  A water moccasin zombie (Ossuary)
  2 scorpions
  5 killer bees (D:9)
  2 giant frog zombies
  2 hounds
  3 orc priests (D:11)
  A centaur skeleton (D:6)
  8 orc wizards
  2 jellies
  3 iguanas
  4 worker ants
  A killer bee zombie (D:10)
  5 big kobold zombies (Ossuary)
  A hound zombie (D:6)
  A hound skeleton (D:10)
  2 mummies (Ossuary)
  8 adders
  A river rat (Sewer)
  2 shadow imps
  An ooze (D:1)
  9 adder zombies
  3 worms
  A dart slug (D:1)
  A giant gecko (D:2)
  28 orcs
  3 ball pythons
  6 giant cockroaches
  5 gnoll zombies (Ossuary)
  7 goblins
  5 hobgoblins
  9 jackals
  8 kobolds
  3 quokkas
  4 bats
  2 giant newts
  4 hobgoblin zombies (Ossuary)
  5 kobold zombies (Ossuary)
  5 orc zombies (Ossuary)
  A quokka zombie (D:5)
  7 rats
207 creatures vanquished.

Vanquished Creatures (others)
  A quokka (D:4)
1 creature vanquished.

Grand Total: 208 creatures vanquished

Notes
Turn   | Place    | Note
--------------------------------------------------------------
     0 | D:1      | 4thArraOfDagon the Draconian Earth Elementalist began the quest for the Orb.
     0 | D:1      | Reached XP level 1. HP: 14/14 MP: 3/3
     0 | D:1      | jacquesderrida: wattttttttttttt
     0 | D:1      | 4thArraOfDagon: no more forcing
     0 | D:1      | jacquesderrida: Killed from beyond the grave
     0 | D:1      | 4thArraOfDagon: graveyarded thats correct
   106 | D:1      | Reached skill level 1 in Unarmed Combat
   163 | D:1      | Reached XP level 2. HP: 11/22 MP: 0/5
   226 | D:1      | Reached skill level 1 in Fighting
   332 | D:2      | Reached skill level 2 in Unarmed Combat
   349 | D:2      | Found a snail-covered altar of Cheibriados.
   352 | D:2      | Found an opulent altar of Gozag.
   355 | D:2      | Found a bloodstained altar of Trog.
   361 | D:2      | Became a worshipper of Cheibriados the Contemplative
   449 | D:2      | Reached XP level 3. HP: 13/28 MP: 1/6
   760 | D:2      | Noticed Sigmund
   763 | D:2      | lets just win
   888 | D:3      | Learned a level 3 spell: Stone Arrow
  1002 | D:3      | Reached * piety under Cheibriados
  1029 | D:3      | Found a glowing drain.
  1045 | Sewer    | Entered a sewer
  1163 | Sewer    | Reached XP level 4. HP: 25/35 MP: 7/7
  1164 | Sewer    | Reached skill level 1 in Invocations
  1170 | Sewer    | jacquesderrida: dang
  1184 | Sewer    | Noticed a big kobold
  1191 | Sewer    | jacquesderrida: doggers
  1215 | Sewer    | jacquesderrida: fighting the brave digger
  1240 | Sewer    | Killed a big kobold
  1240 | Sewer    | Reached skill level 3 in Unarmed Combat
  1240 | Sewer    | Reached XP level 5. HP: 26/41 MP: 1/8
  1251 | Sewer    | Found a white marble altar of Elyvilon.
  1567 | D:4      | Learned a level 2 spell: Passwall
  1568 | D:4      | Found a runed door.
  1568 | D:4      | Noticed a human
  1573 | D:4      | Found a basalt altar of Yredelemnul.
  1618 | D:4      | Found a white marble altar of Elyvilon.
  1641 | D:4      | Noticed Menkaure
  1713 | D:5      | Entered Level 5 of the Dungeon
  1780 | D:5      | Noticed a centaur
  1791 | D:5      | Killed a centaur
  1791 | D:5      | Reached ** piety under Cheibriados
  1791 | D:5      | Reached skill level 4 in Unarmed Combat
  1791 | D:5      | Reached XP level 6. HP: 34/50 MP: 0/9
  2032 | D:6      | Found a sparkling altar of Nemelex Xobeh.
  2073 | D:6      | Found Tyeg's General Store.
  2081 | D:6      | Bought a scroll of magic mapping for 49 gold pieces
  2150 | D:6      | Found a burning altar of Makhleb.
  2209 | D:6      | Noticed an orc warrior
  2220 | D:6      | Noticed Kaziganthi's ghost (novice HuWn)
  2243 | D:6      | Killed Kaziganthi's ghost
  2243 | D:6      | Reached skill level 5 in Unarmed Combat
  2243 | D:6      | Your scales start taking on a dull iron-grey colour.
  2243 | D:6      | Reached XP level 7. HP: 58/58 MP: 10/10
  2243 | D:6      | Gained mutation: You can survive without breathing. [Grey Draconian growth]
  2317 | D:6      | Reached skill level 6 in Unarmed Combat
  2317 | D:6      | Reached XP level 8. HP: 26/67 MP: 8/11
  2325 | D:6      | Gained mutation: You are frail. (-10% HP) [mutagenic meat]
  2328 | D:6      | Gained mutation: You are dopey. (Int -2) [mutagenic meat]
  2331 | D:6      | Lost mutation: You are frail. (-10% HP) [mutagenic meat]
  2334 | D:6      | Gained mutation: You are frail. (-10% HP) [mutagenic meat]
  2441 | D:7      | Found a staircase to the Ecumenical Temple.
  2499 | D:7      | Found a sand-covered staircase.
  2504 | Ossuary  | Entered an ossuary
  2641 | Ossuary  | Reached *** piety under Cheibriados
  2826 | D:7      | Got a pair of distressingly furry boots
  2832 | D:7      | Identified the +0 pair of boots of Wuzy {+Fly rF- Str+2 Stlth+} (You found it on level 7 of the Dungeon)
  2844 | D:7      | Found a hazy altar of Hepliaklqana.
  2932 | D:8      | Reached skill level 5 in Fighting
  2932 | D:8      | Reached skill level 7 in Unarmed Combat
  2935 | D:8      | Noticed Joseph
  2972 | D:8      | Killed Joseph
  2972 | D:8      | Reached skill level 5 in Invocations
  2972 | D:8      | Reached XP level 9. HP: 18/66 MP: 6/12
  3266 | D:9      | Found Xaedenn's Serpentskin Sales.
  3277 | D:9      | Reached skill level 5 in Earth Magic
  3414 | D:8      | Noticed Erolcha
  3426 | D:8      | Reached skill level 5 in Dodging
  3434 | D:8      | Reached skill level 8 in Unarmed Combat
  3444 | D:8      | Killed Erolcha
  3507 | D:8      | Gained mutation: You are agile. (Dex +2) [mutagenic meat]
  3510 | D:8      | Gained mutation: Your spells are a little harder to cast, but a little more powerful. [mutagenic meat]
  3513 | D:8      | Gained mutation: You passively map a small area around you. [mutagenic meat]
  3528 | D:8      | Reached **** piety under Cheibriados
  3551 | D:8      | Noticed Maurice
  3568 | D:8      | Killed Maurice
  3568 | D:8      | Reached skill level 9 in Unarmed Combat
  3568 | D:8      | Reached XP level 10. HP: 64/75 MP: 14/14
  3607 | D:8      | Learned a level 5 spell: Lee's Rapid Deconstruction
  3776 | D:9      | Found a staircase to the Lair.
  4077 | D:10     | Entered Level 10 of the Dungeon
  4161 | D:10     | Got a shimmering battleaxe
  4165 | D:10     | Identified the cursed +1 battleaxe of the Present {vamp, *Drain rPois rC+} (You found it on level 10 of the Dungeon)
  4234 | D:10     | Noticed a hill giant
  4299 | D:10     | Noticed Fannar
  4419 | D:11     | Got an ichor-stained battleaxe {flame}
  4420 | D:11     | Identified the +8 battleaxe of Imminent Death {flame, Str-4 Dex+2 Stlth+} (You took it off an orc on level 11 of the Dungeon)
  4504 | D:11     | Reached skill level 1 in Axes
  4547 | D:11     | Found a staircase to the Orcish Mines.
  4610 | D:11     | Gained mutation: You have an increased reservoir of magic. (+10% MP) [mutagenic meat]
  4613 | D:11     | Gained mutation: Your body sometimes deteriorates upon taking damage. [mutagenic meat]
  4709 | D:12     | Noticed a brown ugly thing
  4792 | D:11     | Noticed a hill giant
  4838 | D:12     | Noticed an eight-headed hydra
  4860 | D:12     | Noticed a four-headed hydra
  4869 | D:12     | HP: 2/77 [two-headed hydra (13)]
  4870 | D:12     | Slain by a one-headed hydra

Vault maps used:
D:1:      lemuel_arrival_river_ford, hangedman_decor_growths
D:2:      grunt_temple_overflow_diamond, uniq_sigmund
D:3:      first_bread, portal_sewer_entry_b, uniq_robin, uniq_grinder,
          uniq_natasha
D:4:      kiku_gazebo_garden_becter, elyvilon_altar_4, kennysheep_mini,
          dk_yredelemnul_ordeal, uniq_menkaure
D:5:      minmay_fire_ice_demons
D:6:      nemelex_xobeh_ov_fountains_minmay, overflow_temple_1_default,
          kennysheep_mini_moat, serial_shops, nicolae_shop_crystal, shop
D:7:      lemuel_doored_altar, lemuel_round_altar, marbit_many_paths,
          enter_ossuary_2
D:8:      kennysheep_spiral_hall, minmay_statues_item, grunt_pizzeria,
          uniq_joseph, uniq_psyche, uniq_maurice, uniq_erolcha
D:9:      nicolae_overflow_hidden_temple, dpeg_oklobed_lair, guppyfry_shop_venom
D:10:     uniq_sonja, uniq_fannar
D:11:     erik_orc_4, lemuel_flamethrower_2
D:12:     serial_shops, shop, shop, shop
Sewer:    sewer_kobolds
Ossuary:  ossuary_tomb_2

Skill      XL: |  1  2  3  4  5  6  7  8  9 10 |
---------------+-------------------------------+-----
Unarmed Combat | 1 2 3 4 5 6 7 9 |  9.5
Fighting       | 1 2 3 4 5 6 7 |  7.2
Dodging        | 2 3 4 5 6 |  6.1
Invocations    | 1 2 3 4 5 6 7 |  7.0
Earth Magic    | 4 6 |  6.7
Axes           | 4 |  4.0
Stealth        | |  1.7
Spellcasting   | |  2.0
Transmutations | |  1.0

Action                   |  1- 3 |  4- 6 |  7- 9 | 10-12 || total
-------------------------+-------+-------+-------+-------++-------
Melee: Unarmed           |    92 |    89 |   378 |   225 ||   784
       Tailslap          |    11 |    12 |    83 |    60 ||   166
       Punch             |     2 |       |    15 |    16 ||    33
       Battleaxe         |       |       |       |     4 ||     4
Throw: Stone             |     1 |       |       |       ||     1
 Cast: Sandblast         |    39 |    41 |       |       ||    80
Invok: Bend Time         |       |       |     6 |     3 ||     9
       Slouch            |       |       |       |     2 ||     2
  Use: Scroll            |     5 |     2 |     4 |     2 ||    13
       Potion            |       |     1 |     6 |       ||     7
 Stab: Sleeping          |     4 |     2 |     5 |     3 ||    14
       Distracted        |       |       |     1 |       ||     1
  Eat: Fruit             |     5 |       |       |       ||     5
       Royal jelly       |       |     1 |       |       ||     1
       Pizza             |       |     1 |     1 |       ||     2
       Chunk             |       |       |     7 |     3 ||    10
       Beef jerky        |       |       |     1 |       ||     1
       Meat ration       |       |       |       |     1 ||     1
Armor: Skin              |    34 |    37 |   100 |    55 ||   226
Dodge: Dodged            |    80 |    57 |   218 |   158 ||   513
